 Dungeon Crawl Stone Soup version 0.21.1-1-g345015f (webtiles) character file.

2312 Hebeh the Shield-Bearer (level 9, -10/81 HPs)
             Began as a Deep Dwarf Fighter on June 17, 2018.
             Mangled by Menkaure (12 damage)
             ... on level 6 of the Dungeon.
             The game lasted 00:16:41 (4704 turns).

Hebeh the Shield-Bearer (Deep Dwarf Fighter)        Turns: 4704, Time: 00:16:42

Health: -10/81     AC: 10    Str: 22    XL:     9   Next: 18%
Magic:  2/2        EV: 10    Int: 10    God:
Gold:   147        SH: 11    Dex: 12    Spells: 8/8 levels left

rFire    . . .     SeeInvis .   a - +0 war axe
rCold    . . .     Gourm    .   c - +0 shield
rNeg     . . .     Faith    .   b - +0 scale mail
rPois    .         Spirit   .   z - +2 helmet
rElec    .         Reflect  .   (no cloak)
rCorr    .         Harm     .   (no gloves)
MR       +....                  (no boots)
Stlth    ..........             (no amulet)
HPRegen  0.00/turn              (no ring)
MPRegen  0.08/turn              (no ring)

@: non-regenerating
A: damage resistance, heal wounds, sense surroundings 2, no regeneration
a: Heal Wounds


You were on level 6 of the Dungeon.
You were not hungry.

You visited 2 branches of the dungeon, and saw 7 of its levels.

You collected 245 gold pieces.
You spent 98 gold pieces at shops.

Inventory:

Hand Weapons
 a - a +0 war axe (weapon)
 m - a +4 whip of pain
 y - a +2 whip of freezing
Armour
 b - a +0 scale mail (worn)
 c - a +0 shield (worn)
 z - a +2 helmet (worn)
Wands
 s - a wand of digging (18)
 v - a wand of flame (11)
 C - a wand of random effects (28)
Scrolls
 e - 4 scrolls of teleportation {unknown}
 i - 4 scrolls of fog {unknown}
 l - 5 scrolls of remove curse
 o - 3 scrolls of magic mapping {unknown}
 q - 2 scrolls of amnesia {unknown}
 u - a scroll of enchant weapon {unknown}
 w - a scroll of immolation {unknown}
 x - a scroll of fear {unknown}
 A - a scroll of identify
Potions
 d - a potion of might
 h - a potion of ambrosia {unknown}
 j - a potion of haste {unknown}
 k - a potion of lignification {unknown}
 n - 2 potions of magic {unknown}
 p - 2 potions of mutation {unknown}
 r - 2 potions of curing
 t - a potion of brilliance {unknown}
 B - a potion of agility {unknown}
Comestibles
 f - 12 rations
 g - 5 chunks of flesh


   Skills:
 + Level 5.0 Fighting
 + Level 6.7(7.6) Axes
 + Level 4.8(6.3) Maces & Flails
 + Level 5.9 Armour
 + Level 3.7 Dodging
 + Level 1.9 Stealth
 + Level 7.0 Shields


You had 8 spell levels left.
You didn't know any spells.

Dungeon Overview and Level Annotations

Branches:
Dungeon (6/15)             Temple (1/1) D:5

Altars:
Ashenzari
Cheibriados
Dithmenos
Elyvilon
Fedhas
Gozag
Hepliaklqana
Kikubaaqudgha
Nemelex Xobeh
Okawaru
Qazlal
Ru
Sif Muna
Trog
Uskayaw
Vehumet
Wu Jian
Yredelemnul
Zin
The Shining One

Shops:
D:4 ?

Annotations:
D:6 Menkaure


Innate Abilities, Weirdness & Mutations

You are resistant to damage.
You can heal yourself by infusing magical energy.
You passively map the area around you.
You do not regenerate.


Message History

You slash the adder!
You kill the adder!
Menkaure hits you!
* * * LOW HITPOINT WARNING * * *
You completely miss Menkaure.
Menkaure calls on the powers of darkness!
The orc convulses!
Your body is wracked with pain!
Your shield and scale mail prevent you from hitting Menkaure.
Menkaure barely misses you. x2
You hit Menkaure.
Menkaure is lightly damaged.
Menkaure hits you!
* * * LOW HITPOINT WARNING * * *
You slash Menkaure!
Menkaure is moderately damaged.
You block Menkaure's attack.
You hit Menkaure.
Menkaure is heavily damaged.
You block Menkaure's attack. Menkaure hits you!
You die...

, ,
#..........#....
,, ,
##.........##..#.
* ,,*
#..........#...##
, #.........## *
, #.........# , *
##........## *
#........## , ,*
#..####### , #@.#
* ,* #M## * #lo#
* #..# * , , , *
#..# , , * .... ,
#...., , , #..#.,
,, , *


You could see Menkaure, an orc and a leopard gecko.

Vanquished Creatures
  Pikel (D:4)
  Grinder (D:4)
  2 sky beasts
  2 ogres
  A scorpion (D:5)
  9 killer bees
  A crimson imp (D:5)
  4 hounds
  A jelly (D:6)
  3 orc wizards (D:5)
  An orc priest (D:5)
  Ijyb (D:4)
  Natasha (thrice) (D:3)
  2 iguanas
  4 worker ants
  7 gnolls
  10 adders
  A shadow imp (D:5)
  3 oozes
  An adder zombie (D:5)
  2 dart slugs
  8 leopard geckos
  11 orcs
  A ball python (D:4)
  2 giant cockroaches
  7 hobgoblins
  26 jackals
  4 quokkas
  10 bats
  3 frilled lizards
  15 goblins
  9 kobolds
  7 rats
163 creatures vanquished.

Notes
Turn   | Place    | Note
-------+----------+-------------------------------------------
     0 | D:1      | Hebeh the Deep Dwarf Fighter began the quest for the Orb.
     0 | D:1      | Reached XP level 1. HP: 20/20 MP: 1/1
   137 | D:1      | Reached XP level 2. HP: 27/27 MP: 2/2
   530 | D:1      | Reached XP level 3. HP: 31/34 MP: 3/3
   924 | D:2      | Reached skill level 1 in Dodging
   951 | D:2      | Reached XP level 4. HP: 25/42 MP: 4/4
   972 | D:2      | Reached skill level 4 in Shields
  1658 | D:3      | Noticed a sky beast
  1674 | D:3      | Killed a sky beast
  1674 | D:3      | Reached skill level 1 in Maces & Flails
  1674 | D:3      | Reached XP level 5. HP: 16/49 MP: 5/5
  1912 | D:3      | Noticed Natasha
  1923 | D:3      | Killed Natasha
  1943 | D:3      | Found a snail-covered altar of Cheibriados.
  2076 | D:3      | Noticed Natasha
  2080 | D:3      | Killed Natasha
  2080 | D:3      | Reached XP level 6. HP: 48/56 MP: 4/4
  2189 | D:3      | Noticed Natasha
  2201 | D:3      | Killed Natasha
  2274 | D:4      | Found a hazy altar of Hepliaklqana.
  2277 | D:4      | Found Douga's Magic Scroll Emporium.
  2303 | D:4      | Reached skill level 1 in Stealth
  2314 | D:4      | Reached skill level 5 in Shields
  2327 | D:4      | Bought a scroll of identify for 28 gold pieces
  2327 | D:4      | Bought a scroll of identify for 28 gold pieces
  2327 | D:4      | Bought a scroll of remove curse for 42 gold pieces
  2471 | D:4      | Found a hide-covered altar of Uskayaw.
  2555 | D:4      | Found a sacrificial altar of Ru.
  2555 | D:4      | Noticed Pikel
  2555 | D:4      | Noticed a slave
  2555 | D:4      | Noticed a slave
  2555 | D:4      | Noticed a slave
  2556 | D:4      | Noticed a slave
  2586 | D:4      | Killed Pikel
  2586 | D:4      | Reached skill level 5 in Armour
  2586 | D:4      | Reached XP level 7. HP: 25/64 MP: 4/4
  2632 | D:4      | Noticed Ijyb
  2679 | D:4      | Killed Ijyb
  2679 | D:4      | Reached XP level 8. HP: 54/73 MP: 5/5
  2716 | D:4      | Noticed Grinder
  2744 | D:4      | Found a basalt altar of Yredelemnul.
  2911 | D:4      | Paralysed by Grinder for 7 turns
  2925 | D:4      | Paralysed by Grinder for 6 turns
  2938 | D:4      | Paralysed by Grinder for 6 turns
  2956 | D:4      | Paralysed by Grinder for 7 turns
  2963 | D:4      | Killed Grinder
  2963 | D:4      | Reached skill level 6 in Shields
  2991 | D:5      | Entered Level 5 of the Dungeon
  3203 | D:5      | Reached skill level 5 in Axes
  3292 | D:5      | Found a staircase to the Ecumenical Temple.
  3302 | Temple   | Entered the Ecumenical Temple
  4286 | D:6      | Found a basalt altar of Yredelemnul.
  4301 | D:6      | Gained mutation: You passively map the area around you. [Deep Dwarf growth]
  4301 | D:6      | Reached XP level 9. HP: 54/80 MP: 2/2
  4319 | D:6      | Reached skill level 5 in Fighting
  4358 | D:6      | Reached skill level 7 in Shields
  4383 | D:6      | Found an opulent altar of Gozag.
  4686 | D:6      | Noticed Menkaure
  4702 | D:6      | HP: 2/81 [Menkaure (8)]
  4704 | D:6      | Mangled by Menkaure

Skill      XL: |  1  2  3  4  5  6  7  8  9 |
---------------+----------------------------+-----
Fighting       | 3 4 5 |  5.0
Axes           | 3 6 |  6.7
Dodging        | 1 2 3 |  3.7
Shields        | 4 5 6 7 |  7.0
Maces & Flails | 1 2 4 |  4.8
Armour         | 4 5 |  5.9
Stealth        | 1 |  1.9

Action                   |  1- 3 |  4- 6 |  7- 9 || total
-------------------------+-------+-------+-------++-------
Melee: War axe           |    73 |       |   360 ||   433
       Whip              |    18 |   249 |     1 ||   268
 Abil: Heal Wounds       |       |     4 |    12 ||    16
  Use: Scroll            |       |     2 |       ||     2
  Eat: Chunk             |       |     6 |     8 ||    14
Armor: Scale mail        |    50 |    82 |   177 ||   309
Dodge: Dodged            |    21 |    73 |   166 ||   260
Block: Shield            |    49 |   127 |   229 ||   405
